 Dungeon Crawl Stone Soup version 0.22-a0-824-g1ca9aab89c (webtiles) character file.

15 Holzbalken the Cudgeler (level 2, -1/19 HPs)
             Began as a Gargoyle Monk on July 24, 2018.
             Slain by a leopard gecko (4 damage)
             ... on level 1 of the Dungeon.
             The game lasted 00:01:16 (433 turns).

Holzbalken the Cudgeler (Gargoyle Monk)              Turns: 433, Time: 00:01:17

Health: -1/19      AC:  4    Str: 14    XL:     2   Next: 50%
Magic:  2/2        EV: 12    Int: 10    God:
Gold:   0          SH:  0    Dex: 12    Spells: 1/1 levels left

rFire    . . .     SeeInvis .   a - +0 mace
rCold    . . .     Gourm    .   (no shield)
rNeg     + . .     Faith    .   b - +0 robe
rPois    ∞         Spirit   .   (no helmet)
rElec    +         Reflect  .   (no cloak)
rCorr    .         Harm     .   (no gloves)
MR       .....                  (no boots)
Stlth    ++........             (no amulet)
HPRegen  0.06/turn              d - ring of poison resistance
MPRegen  0.08/turn              (no ring)

@: no status effects
A: negative energy resistance 1, electricity resistance, unbreathing,
petrification resistance, rot immunity, AC +2
a: no special abilities


You were on level 1 of the Dungeon.
You were not hungry.

You visited 1 branch of the dungeon, and saw 1 of its levels.

Inventory:

Hand Weapons
 a - a +0 mace (weapon)
Armour
 b - a +0 robe (worn)
Jewellery
 d - a ring of poison resistance (left hand)
Scrolls
 e - 2 scrolls of magic mapping {unknown}
Potions
 g - a potion of invisibility {unknown}
Comestibles
 c - a ration
 f - 6 chunks of flesh


   Skills:
 - Level 3.2 Fighting
 + Level 3.8 Maces & Flails
 - Level 2.4 Dodging
 - Level 2.1 Stealth


You had one spell level left.
You didn't know any spells.
Your spell library was empty.

Dungeon Overview and Level Annotations

Branches:
Dungeon (1/15)

Altars:


Innate Abilities, Weirdness & Mutations

You are resistant to torment.
Your stone body is resilient. (AC +2)
You are immune to poison.
You resist negative energy. (rN+)
You are resistant to electric shocks. (rElec)
You can survive without breathing.
You are immune to petrification.
You are immune to rotting.


Message History

You sock the goblin!
You kill the goblin!
The goblin closely misses you. The frilled lizard closely misses you.
The goblin barely misses you.
You barely miss the goblin. The frilled lizard bites you.
The goblin barely misses you.
You barely miss the goblin. The frilled lizard barely misses you.
The goblin barely misses you. The frilled lizard barely misses you.
You sock the goblin!
You kill the goblin!
The leopard gecko closely misses you.
The frilled lizard bites you but does no damage.
You completely miss the leopard gecko. The leopard gecko misses you.
The frilled lizard bites you.
* * * LOW HITPOINT WARNING * * *
You hit the frilled lizard but do no damage.
The leopard gecko misses you. The frilled lizard bites you.
* * * LOW HITPOINT WARNING * * *
The leopard gecko bites you.
You die...

#.......#...
#...÷.#...#.###.## ..#
#................# ..#
#................##..###
#......................
##............#..#..$#
#..........#..#.....#
..............##ll..#
................@#..##..
.......(............!...
#>.........#........#.##
##...#....##........#
######.####...........
#.# ##............
#(###.........##.. ###
#.#..........## .$
.....##)..##.>.....#


You could see a leopard gecko and a frilled lizard.

Vanquished Creatures
  A dart slug (D:1)
  2 giant cockroaches (D:1)
  A hobgoblin (D:1)
  A ball python (D:1)
  3 goblins (D:1)
  2 kobolds (D:1)
  3 rats (D:1)
13 creatures vanquished.

Notes
Turn   | Place    | Note
-------+----------+-------------------------------------------
     0 | D:1      | Holzbalken the Gargoyle Monk began the quest for the Orb.
     0 | D:1      | Reached XP level 1. HP: 14/14 MP: 1/1
   287 | D:1      | Reached XP level 2. HP: 14/19 MP: 2/2
   433 | D:1      | Slain by a leopard gecko

Vault maps used:
D:1:      scummos_arrival_simple_fountains

Action                   || total
-------------------------++-------
Melee: Mace              ||    40
Armor: Robe              ||    10
Dodge: Dodged            ||    38

Table legend:
 A = Spawn XP
 B = Non-spawn XP
 C = Spawn XP percentage of total XP
 D = Spawn monster count
 E = Non-spawn monster count
 F = Spawn count percentage of total count
 G = Total turns spent on level
                    A         B        C        D         E        F      G
               +---------+---------+-------+---------+---------+-------+---------
         Total |       0 |      22 |   0.0 |       0 |      13 |   0.0 |   433
               +---------+---------+-------+---------+---------+-------+---------
           D:1 |       0 |      22 |   0.0 |       0 |      13 |   0.0 |   433
               +---------+---------+-------+---------+---------+-------+---------
